 Dungeon Crawl Stone Soup version 0.22-a0-301-gf0fe05c (webtiles) character file.

641 vishdafish the Shield-Bearer (level 7, -1/57 HPs)
             Began as a Black Draconian Skald on Mar 26, 2018.
             Was an Initiate of Nemelex Xobeh.
             Slain by a mummy (12 damage)
             ... on level 4 of the Dungeon.
             The game lasted 00:13:41 (4632 turns).

vishdafish the Shield-Bearer (DrSk)                 Turns: 4632, Time: 00:13:41

Health: -1/57      AC:  6    Str: 16 (17) XL:     7   Next: 26%
Magic:  11/11      EV: 12    Int: 11 (14) God:    Nemelex Xobeh [......]
Gold:   203        SH:  7    Dex:  8 (11) Spells: 10/11 levels left

rFire    . . .     SeeInvis +   a - +0 falchion
rCold    . . .     Gourm    .   t - +3 buckler
rNeg     . . .     Faith    .   (armour unavailable)
rPois    .         Spirit   .   (helmet restricted)
rElec    +         Reflect  .   w - scarf {repulsion}
rCorr    .         Harm     .   (no gloves)
MR       .....                  (no boots)
Stlth    +.........             (no amulet)
HPRegen  0.19/turn              h - +3 ring of strength
MPRegen  0.12/turn              m - ring of see invisible

@: repel missiles
A: breathe lightning, unfitting armour, electricity resistance, cold-blooded, AC
+6
a: Breathe Lightning, Renounce Religion


You were on level 4 of the Dungeon.
You worshipped Nemelex Xobeh.
Nemelex Xobeh was noncommittal.
You were not hungry.

You visited 1 branch of the dungeon, and saw 4 of its levels.
You also visited: Sewer.

You collected 203 gold pieces.

Inventory:

Hand Weapons
 a - a +0 falchion (weapon)
Missiles
 k - a throwing net (quivered)
Armour
 t - a +3 buckler (worn)
 w - a scarf of repulsion (worn)
Jewellery
 h - a +3 ring of strength (left hand)
 m - a ring of see invisible (right hand)
 o - an uncursed ring of fire
Scrolls
 b - 2 scrolls of fear
 d - a scroll of teleportation
 f - a scroll of noise
 g - 2 scrolls of remove curse
 l - 2 scrolls of amnesia
 q - a scroll of fog
Potions
 e - a potion of berserk rage
 i - 2 potions of brilliance
 s - a potion of resistance
Miscellaneous
 j - a plain deck of destruction {drawn: 8}
Comestibles
 c - 6 rations


   Skills:
 - Level 3.2 Fighting
 - Level 3.7 Long Blades
 - Level 3.1 Dodging
 - Level 0.2 Stealth
 * Level 5.5 Shields
 - Level 2.8 Spellcasting
 - Level 3.0 Charms


You had 10 spell levels left.
You knew the following spells:

 Your Spells              Type           Power        Failure   Level  Hunger
a - Infusion              Chrm           #...         8%          1    #......


Dungeon Overview and Level Annotations

Branches:
Dungeon (4/15)
 Temple: D:4-7

Altars:
Nemelex Xobeh

Annotations:
D:4 Edmund, Ijyb, Menkaure


Innate Abilities, Weirdness & Mutations

You can breathe wild blasts of lightning.
Your glossy black scales are hard. (AC +6)
You cannot fit into any form of body armour.
You are resistant to electric shocks. (rElec)
You are cold-blooded and may be slowed by cold attacks.


Message History

You block the mummy's attack.
You hit the mummy.
You tail-slap the mummy, but do no damage.
The mummy is moderately damaged.
The mummy hits you.
* * * LOW HITPOINT WARNING * * *
You barely miss the mummy. You tail-slap the mummy.
The mummy is moderately damaged.
You barely miss the mummy. You tail-slap the mummy.
The mummy is heavily damaged.
The mummy hits you.
* * * LOW HITPOINT WARNING * * *
It was a potion of degeneration.
There was something very wrong with that liquid.
You feel weakened.
You feel dopey.
You feel clumsy.
You hit the mummy but do no damage.
The mummy is heavily damaged.
The mummy hits you!
You die...
Your body disappears without a glow.

# ..# ##. ..## .. ... # .. ..#
.## .##..# . ... ....######### .#
#.## ##M.# #...$).###### ..#
#...## ##.@## #..?........#
#..###.....###...$###...........#
#)g#.......#.....††.............
#hl## #..#...###...........#
#aJ.## #.......# #######.....#
#b#g.###..###...# #...%.#
###.k5.v#..# #...# #######
#..5......# ##### #.##......#


You could see a mummy.

Vanquished Creatures
  4 hounds (D:4)
  A jelly (D:4)
  3 orc wizards
  2 worker ants
  6 adders
  A river rat (D:3)
  3 oozes (Sewer)
  9 worms
  2 leopard geckos
  6 orcs (D:3)
  17 bats
  10 giant cockroaches
  4 goblins
  8 hobgoblins
  4 jackals (Sewer)
  2 quokkas
  3 ball pythons
  6 frilled lizards
  6 kobolds
  12 rats
109 creatures vanquished.

Vanquished Creatures (collateral kills)
  A rime drake (D:4)
1 creature vanquished.

Vanquished Creatures (others)
  2 fire vortices (D:4)
2 creatures vanquished.

Grand Total: 112 creatures vanquished

Notes
Turn   | Place    | Note
-------+----------+-------------------------------------------
     0 | D:1      | vishdafish the Draconian Skald began the quest for the Orb.
     0 | D:1      | Reached XP level 1. HP: 17/17 MP: 3/3
   201 | D:1      | Reached XP level 2. HP: 12/25 MP: 5/5
  1289 | D:2      | Reached XP level 3. HP: 15/30 MP: 6/6
  2128 | D:3      | Reached XP level 4. HP: 25/37 MP: 7/7
  2297 | D:3      | Found a glowing drain.
  2345 | D:3      | Reached XP level 5. HP: 32/45 MP: 9/9
  2370 | Sewer    | Entered a sewer
  3403 | D:3      | Reached skill level 1 in Shields
  3434 | D:3      | Found a sparkling altar of Nemelex Xobeh.
  3440 | D:3      | Became a worshipper of Nemelex Xobeh the Trickster
  4065 | D:4      | Reached skill level 2 in Shields
  4115 | D:4      | Noticed Edmund
  4116 | D:4      | Noticed Ijyb
  4130 | D:4      | HP: 2/45 [adder (5)]
  4132 | D:4      | Noticed Menkaure
  4137 | D:4      | Reached XP level 6. HP: 22/51 MP: 10/10
  4440 | D:4      | Received a gift from Nemelex Xobeh
  4466 | D:4      | Reached skill level 3 in Shields
  4501 | D:4      | Noticed Eustachio
  4511 | D:4      | Noticed Eustachio
  4511 | D:4      | Eustachio changed into Eustachio the worker ant
  4511 | D:4      | Noticed a rime drake
  4511 | D:4      | a worker ant changed into a rime drake
  4578 | D:4      | Reached skill level 4 in Shields
  4594 | D:4      | Killed Eustachio the worker ant
  4611 | D:4      | Killed a rime drake
  4611 | D:4      | Reached skill level 5 in Shields
  4611 | D:4      | Your scales start taking on a glossy black colour.
  4611 | D:4      | Reached XP level 7. HP: 21/57 MP: 11/11
  4611 | D:4      | Gained mutation: You are resistant to electric shocks. (rElec) [Black Draconian growth]
  4632 | D:4      | Slain by a mummy

Vault maps used:
D:1:      dpeg_arrival_more_subterranean_lakeside_camping
D:2:      first_ration
D:3:      portal_sewer_entry_c, minmay_misc_feat_square,
          nemelex_spade_bored_becter
D:4:      nicolae_ossuary_entry_giza, uniq_menkaure, uniq_eustachio,
          uniq_edmund, uniq_ijyb
Sewer:    sewer_fruit_machine

Skill      XL: |  1  2  3  4  5  6 |
---------------+-------------------+-----
Charms         | 3 |  3.0
Long Blades    | 3 |  3.7
Fighting       | 3 |  3.2
Dodging        | 3 |  3.1
Shields        | 2 5 |  5.5
Stealth        | |  0.2
Spellcasting   | |  2.8

Action                   |  1- 3 |  4- 6 |  7- 9 || total
-------------------------+-------+-------+-------++-------
Melee: Falchion          |   151 |   259 |     7 ||   417
       Tailslap          |    13 |    38 |     4 ||    55
 Cast: Infusion          |     1 |     6 |       ||     7
Evoke: Deck              |       |     8 |       ||     8
  Use: Potion            |     4 |     8 |     1 ||    13
       Scroll            |       |    13 |       ||    13
 Stab: Sleeping          |     1 |     1 |       ||     2
  Eat: Chunk             |     3 |     8 |       ||    11
       Ration            |       |     1 |       ||     1
Armor: Skin              |    59 |   144 |       ||   203
Dodge: Dodged            |    95 |   262 |       ||   357
       Deflected         |       |     3 |       ||     3
Block: Buckler           |       |    80 |     1 ||    81
       Rpst.: Falchion   |    34 |    84 |       ||   118

Table legend:
 A = Spawn XP
 B = Non-spawn XP
 C = Spawn XP percentage of total XP
 D = Spawn monster count
 E = Non-spawn monster count
 F = Spawn count percentage of total count
 G = Total turns spent on level
                    A         B        C        D         E        F      G
               +---------+---------+-------+---------+---------+-------+---------
         Total |       0 |     917 |   0.0 |       0 |     110 |   0.0 |  4632
               +---------+---------+-------+---------+---------+-------+---------
           D:1 |       0 |      31 |   0.0 |       0 |      21 |   0.0 |  1241
           D:2 |       0 |      58 |   0.0 |       0 |      19 |   0.0 |   864
           D:3 |       0 |     186 |   0.0 |       0 |      34 |   0.0 |  1232
           D:4 |       0 |     576 |   0.0 |       0 |      11 |   0.0 |   305
         Sewer |       0 |      66 |   0.0 |       0 |      25 |   0.0 |   990
               +---------+---------+-------+---------+---------+-------+---------
